 Dungeon Crawl Stone Soup version 0.31-a0-175-g9f7f995f2b (webtiles) character file.

Game seed: 2284170404582742156

2376 qw the Skirmisher (level 9, 0/57 HPs)
             Began as a Gargoyle Hunter on June 16, 2023.
             Slain by a steam dragon (1 damage)
             ... on level 6 of the Dungeon.
             The game lasted 00:02:55 (6390 turns).

qw the Skirmisher (Gargoyle Hunter)                 Turns: 6390, Time: 00:02:56

Health: 0/57       AC: 18    Str: 14 (15) XL:     9   Next: 45%
Magic:  9/9        EV: 13    Int:  9 (10) God:
Gold:   201        SH:  5    Dex: 17      Spells: 8/8 levels left

rFire   . . .        Y - +3 shortbow (flame)
rCold   . . .        (shield currently unavailable)
rNeg    + . .        g - +2 leather armour {Will+}
rPois   inf          h - +1 helmet
rElec   +            l - +0 cloak
rCorr   .            j - +2 pair of gloves
SInv    +            (no boots)
Will    ++...        f - amulet of reflection
Stlth   ++           m - ring of willpower
HPRegen 0.29/turn    c - ring of see invisible
MPRegen 0.11/turn

%: reflection
@: about to teleport
A: sickness immunity, AC +6, negative energy resistance 1, electricity
resistance, torment resistance 1, petrification resistance, deterioration 1
a: no special abilities


You were on level 6 of the Dungeon.
You visited 2 branches of the dungeon, and saw 8 of its levels.
You also visited: Ossuary.

You collected 293 gold pieces.
You spent 92 gold pieces at shops.


Innate Abilities, Weirdness & Mutations

You are immune to sickness and miasma.
Your stone body is resilient. (AC +6)
You are immune to poison.
You resist negative energy. (rN+)
You are resistant to electric shocks. (rElec)
You are resistant to unholy torment.
You are immune to petrification.
Your body sometimes deteriorates upon taking damage.


   Skills:
 - Level 7.1 Fighting
 + Level 10.3 Ranged Weapons
 - Level 4.1 Armour
 - Level 3.0 Dodging
 - Level 1.1 Stealth


You had 8 spell levels left.
You didn't know any spells.
Your spell library was empty.

Inventory:

Hand Weapons
 Y - a +3 shortbow of flaming (weapon)
Armour
 a - +0 steam dragon scales
 e - a +2 robe of cold resistance
 g - a +2 leather armour of willpower (worn)
 h - a +1 helmet (worn)
 j - a +2 pair of gloves (worn)
 l - a +0 cloak (worn)
Jewellery
 c - a ring of see invisible (right hand)
 f - an amulet of reflection (around neck)
 m - a ring of willpower (left hand)
 q - a ring of positive energy
Scrolls
 d - a scroll of teleportation
 n - 4 scrolls of identify
Potions
 b - a potion of attraction
 i - a potion of haste
 k - a potion of mutation
 p - a potion of lignification

Dungeon Overview and Level Annotations

Branches:
Dungeon (7/15)             Temple (1/1) D:6         Ossuary (visited)

Altars:
Ashenzari
Cheibriados
Dithmenos
Elyvilon
Fedhas
Gozag
Hepliaklqana
Makhleb
Nemelex Xobeh
Qazlal
Ru
Sif Muna
Trog
Uskayaw
Vehumet
Wu Jian
Xom
Yredelemnul
Zin

Shops:
D:3 :   D:4 [


Message History

The arrow burns the orc priest.
The orc priest is severely wounded.
The orc priest misses you.
The steam dragon bites you but does no damage.
The steam dragon completely misses you.
You shoot an arrow.
The arrow closely misses the orc priest.
The orc priest invokes the aid of Beogh against you.
Pain shoots through your body!
The steam dragon bites you but does no damage.
The steam dragon claws you but does no damage.
You shoot an arrow. The arrow hits the orc priest!
The arrow burns the orc priest.
You kill the orc priest!
The steam dragon bites you but does no damage.
The steam dragon claws you but does no damage.
You shoot an arrow. The arrow hits the steam dragon.
The arrow burns the steam dragon.
The steam dragon is moderately wounded.
The steam dragon misses you. The steam dragon barely misses you.
You shoot an arrow.
The arrow barely misses the steam dragon.
The steam dragon misses you.
The steam dragon claws you but does no damage.
You shoot an arrow. The arrow hits the steam dragon!
The arrow burns the steam dragon.
The steam dragon is heavily wounded.
The steam dragon bites you but does no damage.
The steam dragon misses you.
You shoot an arrow. The arrow hits the steam dragon.
The arrow burns the steam dragon.
The steam dragon is heavily wounded.
The steam dragon breathes steam at you. The ball of steam hits you!!
Your body deteriorates!
You feel weakened.
6390 ||| READING 2 scrolls of teleportation.
As you read the scroll of teleportation, it crumbles to dust.
You feel strangely unstable. The steam dragon bites you.
You die...

.............# #..........#
.###########(#
#.########.###### .#
#...###.####.########.......
.#
###..................#########
.# #.......#####..#####.# # .#
#................# #.# ######
.# #.......#####..#.# #<#
##...## .#####...####..¤[¤#.#
#.###.....# .........#
#...¤@##.###..........
........##
#...D¤##.##...........
...######
#..!..##.##.##........ ...##
##...###.##.#.....##.# ....##
#..## #......#...###. ..[#.#
#..# ####.#.....##.. ....##
#..# #.##....#..# ....#
#..#######...>......# #...#
#...).....####.##...#


You could see a steam dragon (catching breath).

Vanquished Creatures
  A steam dragon (D:6)
  A water moccasin (D:5)
  An ice beast (D:6)
  A sky beast (D:6)
  An ogre (D:6)
  A black bear (D:4)
  A phantom (D:4)
  7 scorpions
  11 wights (D:6)
  2 centaur zombies (Ossuary)
  3 human zombies (Ossuary)
  4 jellies
  An orc priest (D:6)
  A sleepcap (D:5)
  2 scorpion zombies (Ossuary)
  Jessica (D:2)
  Ijyb (D:4)
  An iguana (D:5)
  2 orc wizards
  3 mummies (Ossuary)
  Robin (D:2)
  6 adders
  An ufetubus (D:5)
  4 worms
  10 dart slugs
  10 orcs
  8 ball pythons
  4 bats
  5 endoplasms
  4 giant cockroaches
  10 hobgoblins
  6 kobolds
  2 quokkas
  4 frilled lizards (D:1)
  4 gnoll zombies (Ossuary)
  9 goblins
  4 goblin zombies (Ossuary)
  2 hobgoblin zombies (Ossuary)
  2 orc zombies (Ossuary)
  5 rats
147 creatures vanquished.

Notes
Turn   | Place    | Note
-------+----------+-------------------------------------------
     0 | D:1      | qw the Gargoyle Hunter began the quest for the Orb.
     0 | D:1      | Reached XP level 1. HP: 12/12 MP: 1/1
     0 | D:1      | 0 ||| qw: Version: 0.2-a-29-g511e9b1
     0 | D:1      | 0 ||| qw: Game counter: 5685
     0 | D:1      | 0 ||| qw: Always use a shield: true
     0 | D:1      | 0 ||| qw: God list: Okawaru
     0 | D:1      | 0 ||| qw: Allow faded altars: false
     0 | D:1      | 0 ||| qw: Do Orc after D:15 true
     0 | D:1      | 0 ||| qw: Do second Lair branch before Depths: true
     0 | D:1      | 0 ||| qw: Lair rune preference: random
     0 | D:1      | 0 ||| qw: Plans: Normal, Zot:1-4, Slime:5, God:TSO, Crypt,
                  | Tomb, Abyss, Pan, Hells, Win
     0 | D:1      | 0 ||| PLANNING D:1-11
   176 | D:1      | Reached XP level 2. HP: 17/17 MP: 2/2
   532 | D:1      | Reached XP level 3. HP: 21/21 MP: 3/3
   631 | D:1      | 631 ||| UPGRADING to amulet of reflection.
   636 | D:1      | 636 ||| READING 3 scrolls labelled PUDGHI PESSAUPA.
   637 | D:1      | 637 ||| READING scroll labelled CUTWYA SUAH.
   638 | D:1      | 638 ||| READING scroll labelled PAETHR QUTY.
   639 | D:1      | 639 ||| READING scroll labelled YQIOD XESIATO.
   640 | D:1      | 640 ||| DRINKING 2 silvery potions.
   641 | D:1      | 641 ||| DROPPING scroll of butterflies.
   714 | D:2      | Reached skill level 5 in Ranged Weapons
   749 | D:2      | Found a faded altar of an unknown god.
   761 | D:2      | Noticed Jessica
   763 | D:2      | Killed Jessica
   764 | D:2      | Reached skill level 3 in Fighting
   764 | D:2      | Reached XP level 4. HP: 28/28 MP: 4/4
   804 | D:2      | Noticed Robin
   821 | D:2      | Killed Robin
   955 | D:2      | 955 ||| UPGRADING to +0 helmet.
   962 | D:2      | 962 ||| UPGRADING to +0 pair of gloves.
   967 | D:2      | 967 ||| UPGRADING to +0 cloak.
   972 | D:2      | 972 ||| READING 2 scrolls of enchant armour.
   972 | D:2      | 972 ||| ENCHANTING +0 pair of gloves.
   973 | D:2      | 973 ||| READING scroll of enchant armour.
   973 | D:2      | 973 ||| ENCHANTING +1 pair of gloves.
  1433 | D:2      | 1433 ||| UPGRADING to ring of willpower.
  1434 | D:2      | 1434 ||| READING scroll labelled COELAER GYTIWK.
  1451 | D:2      | 1451 ||| READING scroll labelled ZIF AMMECH.
  1452 | D:2      | 1452 ||| DRINKING 2 green potions.
  1453 | D:2      | 1453 ||| DRINKING potion of curing.
  1453 | D:2      | 1453 ||| (to cure confusion)
  1454 | D:2      | 1454 ||| DRINKING 2 amethyst potions.
  1455 | D:2      | 1455 ||| DRINKING 2 fizzy green potions.
  1455 | D:2      | Gained mutation: Your body sometimes deteriorates upon
                  | taking damage. [potion of mutation]
  1456 | D:2      | 1456 ||| DROPPING potion of ambrosia.
  1457 | D:2      | 1457 ||| DROPPING potion of brilliance.
  1622 | D:3      | Reached skill level 1 in Armour
  1638 | D:3      | 1638 ||| Stepping ~*~*~tactically~*~*~ (water).
  1667 | D:3      | 1667 ||| Stepping ~*~*~tactically~*~*~ (water).
  1671 | D:3      | Reached XP level 5. HP: 32/32 MP: 5/5
  1680 | D:3      | 1680 ||| Stepping ~*~*~tactically~*~*~ (water).
  1751 | D:3      | Noticed an angel
  1752 | D:3      | Found a glowing silver altar of Zin.
  1868 | D:3      | Found Qudeguih's Book Shop.
  2134 | D:3      | 2134 ||| Stepping ~*~*~tactically~*~*~ (outnumbered).
  2136 | D:3      | 2136 ||| Stepping ~*~*~tactically~*~*~ (outnumbered).
  2148 | D:3      | Reached skill level 6 in Ranged Weapons
  2598 | D:3      | 2598 ||| DROPPING ring of wizardry.
  2599 | D:3      | 2599 ||| READING scroll labelled ILOIXK TOUN.
  2661 | D:4      | 2661 ||| PLANNING OSSUARY
  2710 | D:4      | Found a sand-covered staircase.
  2721 | Ossuary  | Entered an ossuary
  2769 | Ossuary  | Reached XP level 6. HP: 38/38 MP: 6/6
  2827 | Ossuary  | Reached skill level 7 in Ranged Weapons
  2887 | Ossuary  | Reached XP level 7. HP: 38/43 MP: 7/7
  2976 | Ossuary  | Reached skill level 8 in Ranged Weapons
  3044 | Ossuary  | 3044 ||| READING scroll of enchant weapon.
  3044 | Ossuary  | 3044 ||| ENCHANTING +1 shortbow.
  3171 | Ossuary  | 3171 ||| READING 2 scrolls labelled PEFFACOVEL.
  3174 | Ossuary  | 3174 ||| READING scroll labelled BULUUC SOSHRI.
  3175 | Ossuary  | 3175 ||| READING scroll labelled QEC VIPTUEDGHA.
  3176 | Ossuary  | 3176 ||| DRINKING 2 orange potions.
  3281 | Ossuary  | 3281 ||| DRINKING 2 metallic emerald potions.
  3282 | Ossuary  | 3282 ||| READING 5 scrolls of identify.
  3282 | Ossuary  | 3282 ||| IDENTIFYING yellow potion
  3283 | Ossuary  | 3283 ||| READING 4 scrolls of identify.
  3283 | Ossuary  | 3283 ||| IDENTIFYING cyan potion
  3284 | Ossuary  | 3284 ||| READING 3 scrolls of identify.
  3284 | Ossuary  | 3284 ||| IDENTIFYING glowing white potion
  3285 | Ossuary  | 3285 ||| DROPPING potion of berserk rage.
  3308 | D:4      | 3308 ||| PLANNING D:1-11
  3315 | D:4      | Found Muxkuxoe's Antique Armour Shoppe.
  3316 | D:4      | Noticed Ijyb
  3318 | D:4      | 3318 ||| FLEEEEING.
  3319 | D:4      | 3319 ||| FLEEEEING.
  3320 | D:4      | 3320 ||| FLEEEEING.
  3321 | D:4      | 3321 ||| FLEEEEING.
  3322 | D:4      | 3322 ||| FLEEEEING.
  3323 | D:4      | 3323 ||| FLEEEEING.
  3332 | D:4      | 3332 ||| FLEEEEING.
  3333 | D:4      | 3333 ||| FLEEEEING.
  3335 | D:4      | 3335 ||| FLEEEEING.
  3348 | D:4      | 3348 ||| FLEEEEING.
  3349 | D:4      | 3349 ||| FLEEEEING.
  3350 | D:4      | 3350 ||| FLEEEEING.
  3353 | D:4      | 3353 ||| FLEEEEING.
  3354 | D:4      | 3354 ||| FLEEEEING.
  3356 | D:4      | 3356 ||| FLEEEEING.
  3357 | D:4      | 3357 ||| FLEEEEING.
  3358 | D:4      | 3358 ||| FLEEEEING.
  3359 | D:4      | 3359 ||| FLEEEEING.
  3360 | D:4      | 3360 ||| FLEEEEING.
  3361 | D:4      | 3361 ||| FLEEEEING.
  3362 | D:4      | 3362 ||| FLEEEEING.
  3363 | D:4      | 3363 ||| FLEEEEING.
  3373 | D:4      | 3373 ||| STAIRDANCE
  3409 | D:3      | 3409 ||| READING scroll labelled PENION HU OGH.
  3424 | D:4      | Killed Ijyb
  3580 | D:4      | 3580 ||| READING scroll of enchant armour.
  3580 | D:4      | 3580 ||| ENCHANTING +0 helmet.
  3619 | D:4      | 3619 ||| READING scroll of enchant weapon.
  3619 | D:4      | 3619 ||| ENCHANTING +2 shortbow.
  3691 | D:4      | Reached XP level 8. HP: 45/49 MP: 8/8
  3762 | D:4      | 3762 ||| SHOPLISTING glowing ring mail (175 gold, have
                  | 112).
  3762 | D:4      | 3762 ||| BUYING glowing robe (92 gold).
  3762 | D:4      | Bought a glowing robe for 92 gold pieces
  4116 | D:4      | 4116 ||| UPGRADING to +0 ring mail.
  4126 | D:4      | 4126 ||| DROPPING +0 leather armour.
  4127 | D:4      | 4127 ||| UPGRADING to +2 robe of cold resistance.
  4137 | D:4      | 4137 ||| DROPPING +0 ring mail.
  4144 | D:5      | Entered Level 5 of the Dungeon
  4167 | D:5      | Reached skill level 9 in Ranged Weapons
  4777 | D:5      | Found a shimmering altar of Xom.
  4832 | D:5      | 4832 ||| UPGRADING to +1 ring mail of willpower.
  4842 | D:5      | 4842 ||| UPGRADING to ring of see invisible.
  4843 | D:5      | 4843 ||| READING scroll labelled DOLLOROLIX.
  5005 | D:6      | Reached skill level 6 in Fighting
  5151 | D:6      | Reached XP level 9. HP: 55/55 MP: 9/9
  5165 | D:6      | Found a radiant altar of Vehumet.
  5177 | D:6      | Reached skill level 10 in Ranged Weapons
  5386 | D:6      | Found a staircase to the Ecumenical Temple.
  5387 | D:6      | 5387 ||| PLANNING TEMPLE
  5395 | Temple   | Entered the Ecumenical Temple
  5563 | Temple   | 5563 ||| PLANNING D:1-11
  5915 | D:7      | 5915 ||| STAIRDANCE
  5938 | D:7      | 5938 ||| STAIRDANCE
  5943 | D:6      | HP: 8/56 [wight/+3 great sword (14)]
  5944 | D:6      | 5944 ||| READING 3 scrolls of teleportation.
  5945 | D:6      | 5945 ||| DRINKING potion of heal wounds.
  6098 | D:6      | 6098 ||| UPGRADING to +2 leather armour of willpower.
  6108 | D:6      | 6108 ||| DROPPING +1 ring mail of willpower.
  6134 | D:7      | 6134 ||| STAIRDANCE
  6197 | D:7      | 6197 ||| STAIRDANCE
  6201 | D:6      | Reached skill level 3 in Dodging
  6287 | D:7      | 6287 ||| STAIRDANCE
  6375 | D:7      | 6375 ||| STAIRDANCE
  6389 | D:6      | HP: 1/57 [steam dragon/ball of steam (21)]
  6390 | D:6      | 6390 ||| READING 2 scrolls of teleportation.
  6390 | D:6      | Slain by a steam dragon

Levels and vault maps discovered:
D:1:      psy_arrival_fountain, layout_loops_ring
D:2:      layout_loops_ring, serial_glass, glass_columns_a, glass_columns_b,
          glass_columns_a, glass_columns_c, item_on_display_a, feat_on_display,
          item_on_display_a, shapermc_ecumenical_altar_starsandcircs,
          kennysheep_cross_bottleneck, grunt_ministairs_5, uniq_robin,
          uniq_jessica
D:3:      kennysheep_slugbush, layout_basic, zin_angel, serial_shops,
          nicolae_book_shop_shelving, hangedman_decor_riveting,
          minmay_liquid_box
D:4:      layout_basic, nicolae_ossuary_entry_ruins, serial_shops, shop,
          uniq_ijyb
D:5:      layout_cave_pods, mainiacjoe_overflow_alcove_1
D:6:      layout_loops_ring, lemuel_tele_altar, minmay_temple_entry_poolview
D:7:      layout_rooms, nicolae_kikubaaqudgha_miasma_corner,
          gammafunk_temple_overflow_pools, minmay_misc_feat_four_crosses
Temple:   nicolae_temple_slightly_damp_pantheon

Skill      XL: |  1  2  3  4  5  6  7  8  9 |
---------------+----------------------------+-----
Ranged Weapons | 5 6 7 8 9 10 | 10.3
Fighting       | 3 4 5 6 7 |  7.1
Armour         | 1 4 |  4.1
Dodging        | 2 3 |  3.0
Stealth        | |  1.1

Action                     |  1- 3 |  4- 6 |  7- 9 || total
---------------------------+-------+-------+-------++-------
   Fire: Shortbow          |    76 |   212 |   388 ||   676
    Use: Scroll            |     4 |     5 |    13 ||    22
         Potion            |     1 |     4 |     3 ||     8
 Armour: Leather armour    |     9 |    67 |    82 ||   158
         Robe              |       |       |    14 ||    14
         Ring mail         |       |       |    31 ||    31
  Dodge: Dodged            |    10 |    56 |   164 ||   230
  Block: Other             |       |    31 |    51 ||    82
         Reflection        |       |     1 |     1 ||     2

Table legend:
 A = Non-vault XP
 B = Vault XP
 C = Vault XP percentage of total XP
 D = Non-vault monster count
 E = Vault monster count
 F = Vault count percentage of total count
                 A         B        C        D         E       F
            +---------+---------+-------+---------+---------+-------
      Total |    2381 |    1014 |  29.9 |      96 |      51 |  34.7
            +---------+---------+-------+---------+---------+-------
        D:1 |      34 |       0 |   0.0 |      22 |       0 |   0.0
        D:2 |      30 |      74 |  71.2 |      12 |      14 |  53.8
        D:3 |      79 |      32 |  28.8 |      16 |       8 |  33.3
        D:4 |     300 |      36 |  10.7 |      11 |       1 |   8.3
        D:5 |     261 |       0 |   0.0 |       8 |       0 |   0.0
        D:6 |    1674 |       0 |   0.0 |      26 |       0 |   0.0
        D:7 |       3 |       0 |   0.0 |       1 |       0 |   0.0
    Ossuary |       0 |     872 | 100.0 |       0 |      28 | 100.0
            +---------+---------+-------+---------+---------+-------
